 Dungeon Crawl Stone Soup version 0.30.0-29-ga12c61a403 (webtiles) character file.

Game seed: 4606431145006779911

1954 Peloso the Carver (level 8, -8/64 (71) HPs)
             Began as a Minotaur Fighter on June 22, 2023.
             Was a Follower of Okawaru.
             Killed from afar by a steam dragon (16 damage)
             ... with a ball of steam
             ... on level 7 of the Dungeon.
             The game lasted 00:09:37 (5595 turns).

Peloso the Carver (Minotaur Fighter)                Turns: 5595, Time: 00:09:37

HP:   -8/64 (71)    AC: 19    Str: 21    XL:     8   Next: 99%
MP:   7/7           EV:  7    Int:  5    God:    Okawaru [*.....]
Gold: 296           SH:  5    Dex: 12    Spells: 7/7 levels left

rFire   . . .        a - +0 long sword
rCold   . . .        d - +0 buckler
rNeg    . . .        s - +0 plate armour
rPois   .            (helmet restricted)
rElec   .            A - +1 cloak
rCorr   .            (no gloves)
SInv    .            (no boots)
Will    .....        r - amulet of regeneration Stlth
                     m - +4 ring of protection
HPRegen 1.10/turn    (no ring)
MPRegen 0.10/turn

%: no passive effects
@: drained
A: horns 2, retaliatory headbutt
a: Renounce Religion, Heroism


You were on level 7 of the Dungeon.
You worshipped Okawaru.
Okawaru was aware of your devotion.
You visited 2 branches of the dungeon, and saw 8 of its levels.

You collected 310 gold pieces.
You spent 14 gold pieces at shops.

Inventory:

Hand Weapons
 a - a +0 long sword (weapon)
 c - a +5 hand axe of freezing
Armour
 b - a +0 scale mail
 d - a +0 buckler (worn)
 s - a +0 plate armour (worn)
 x - a +0 chain mail of positive energy
 A - a +1 cloak (worn)
Jewellery
 m - a +4 ring of protection (left hand)
 r - an amulet of regeneration (around neck)
 v - a ring of protection from fire
Wands
 w - a wand of quicksilver (3)
 y - a wand of iceblast (9)
 z - a wand of paralysis (5)
Scrolls
 f - 3 scrolls of identify {unknown}
 g - 3 scrolls of magic mapping {unknown}
 h - a scroll of fog {unknown}
 i - 2 scrolls of enchant weapon {unknown}
 j - a scroll of silence {unknown}
 n - a scroll of teleportation {unknown}
 o - 2 scrolls of fear {unknown}
 p - a scroll of vulnerability {unknown}
 t - a scroll of enchant armour {unknown}
 u - a scroll of immolation {unknown}
Potions
 e - 3 potions of might
 k - 2 potions of curing
 l - a potion of brilliance
 q - a potion of heal wounds {unknown}
 B - a potion of haste {unknown}


   Skills:
 + Level 6.5 Fighting
 + Level 9.3 Long Blades
 + Level 7.4 Armour
 + Level 2.5 Dodging
 + Level 1.5 Stealth
 + Level 6.4 Shields
 + Level 0.2 Evocations


You had 7 spell levels left.
You didn't know any spells.
Your spell library contained the following spells:

 Spells                   Type           Power      Damage    Failure   Level
 Freeze                   Ice            0%         1d3       100%        1
 Kiss of Death            Conj/Necr      0%         2d5       100%        1
 Poisonous Vapours        Pois/Air       0%         N/A       100%        2
 Confusing Touch          Hex            0%         N/A       100%        3
 Frozen Ramparts          Ice            0%         1d1       100%        3
 Hailstorm                Conj/Ice       0%         3d3       100%        3
 Mephitic Cloud           Conj/Pois/Air  0%         N/A       100%        3
 Dispel Undead            Necr           0%         3d6       100%        4
 Freezing Cloud           Conj/Ice/Air   0%         6-21      100%        5


Dungeon Overview and Level Annotations

Branches:
Dungeon (7/15)             Temple (1/1) D:6

Altars:
Cheibriados
Dithmenos
Elyvilon
Gozag
Hepliaklqana
Kikubaaqudgha
Makhleb
Okawaru
Ru
Sif Muna
Trog
Yredelemnul
Zin
The Shining One

Shops:
D:5 !


Innate Abilities, Weirdness & Mutations

You have a pair of horns on your head.
You reflexively headbutt those who attack you in melee.


Message History

The steam dragon is lightly wounded.
The steam dragon closely misses you. The steam dragon claws you.
You barely miss the steam dragon.
The steam dragon is lightly wounded.
The steam dragon closely misses you. You furiously retaliate!
You headbutt the steam dragon! You block the steam dragon's attack.
You barely miss the steam dragon.
The steam dragon is heavily wounded.
The orc priest invokes the aid of Beogh against you.
Beogh smites you! The steam dragon bites you.
The steam dragon claws you but does no damage.
You hit the steam dragon. You headbutt the steam dragon.
The steam dragon is severely wounded.
The steam dragon breathes steam at you. The ball of steam misses you.
You hit the steam dragon.
The steam dragon is severely wounded.
You are engulfed in a cloud of scalding steam.
The steam dragon bites you but does no damage.
The steam dragon claws you but does no damage.
You hit the steam dragon. Your headbutt misses the steam dragon.
The steam dragon is almost dead.
You are engulfed in a cloud of scalding steam.
The steam dragon barely misses you.
The steam dragon claws you but does no damage.
The orc priest invokes the aid of Beogh against you.
Beogh smites you!
Okay, then.
You hit the steam dragon but do no damage.
The steam dragon is almost dead.
You are engulfed in a cloud of scalding steam.
The orc priest calls down the wrath of Beogh upon you.
Beogh smites you!
* * * LOW HITPOINT WARNING * * *
The orc wizard mumbles some strange words.
The orc wizard flickers and vanishes!
Deactivating autopickup; reactivate with Ctrl-A.
The steam dragon breathes steam at you. The ball of steam hits you!
You die...

..### #.#
..'...##.#
#....#
####.# #.#
#.# #.#
########.#
.oo{ooD@?#
##########


You could see a steam dragon (catching breath), an orc priest and 3 orcs.

Vanquished Creatures
  A wraith (D:6)
  Menkaure (D:5)
  Edmund (D:6)
  A water moccasin (D:5)
  A black bear (D:6)
  An orc warrior (Temple)
  2 ogres (D:5)
  A centaur (D:6)
  A bullfrog (D:6)
  A scorpion (Temple)
  3 wights
  2 howler monkeys
  2 hounds
  2 jellies
  2 sleepcaps
  Crazy Yiuf (D:6)
  4 iguanas
  Ijyb (D:4)
  5 orc wizards
  Robin (D:4)
  8 adders
  3 gnolls (D:6)
  2 shadow imps
  A worm (D:5)
  A dart slug (D:1)
  19 orcs
  7 endoplasms
  A giant cockroach (D:4)
  15 goblins
  5 hobgoblins
  3 jackals (D:5)
  A quokka (D:3)
  7 ball pythons
  4 bats
  3 frilled lizards
  7 kobolds
  5 rats
126 creatures vanquished.

Notes
Turn   | Place    | Note
-------+----------+-------------------------------------------
     0 | D:1      | Peloso the Minotaur Fighter began the quest for the Orb.
     0 | D:1      | Reached XP level 1. HP: 19/19 MP: 0/0
   145 | D:1      | Reached XP level 2. HP: 27/27 MP: 1/1
  1141 | D:2      | Reached XP level 3. HP: 20/33 MP: 2/2
  1211 | D:2      | Reached skill level 3 in Long Blades
  1267 | D:2      | Found a burning altar of Makhleb.
  1627 | D:3      | Found a shimmering blue altar of Sif Muna.
  1651 | D:3      | Found a shadowy altar of Dithmenos.
  2266 | D:4      | Reached XP level 4. HP: 39/40 MP: 3/3
  2268 | D:4      | Noticed Robin
  2283 | D:4      | Killed Robin
  2472 | D:4      | Reached skill level 4 in Long Blades
  2510 | D:4      | Reached skill level 1 in Dodging
  2510 | D:4      | Reached XP level 5. HP: 47/47 MP: 4/4
  2689 | D:4      | Reached skill level 5 in Armour
  2689 | D:4      | Found a glowing silver altar of Zin.
  2734 | D:4      | Noticed Ijyb
  2751 | D:4      | Killed Ijyb
  2752 | D:4      | Reached skill level 5 in Long Blades
  2943 | D:4      | Reached XP level 6. HP: 52/53 MP: 5/5
  3267 | D:5      | Entered Level 5 of the Dungeon
  3384 | D:5      | Noticed a water moccasin
  3415 | D:5      | Killed a water moccasin
  3416 | D:5      | Reached skill level 5 in Shields
  3497 | D:5      | Reached skill level 6 in Long Blades
  3623 | D:5      | Reached XP level 7. HP: 54/60 MP: 6/6
  3690 | D:5      | Reached skill level 5 in Fighting
  3755 | D:5      | Found Ixtudara's Distillery.
  3776 | D:5      | Bought a potion of degeneration for 14 gold pieces
  3790 | D:5      | Found an opulent altar of Gozag.
  3877 | D:5      | Reached skill level 1 in Stealth
  4454 | D:6      | Noticed Menkaure
  4577 | D:5      | Reached skill level 7 in Long Blades
  4737 | D:5      | Killed Menkaure
  4738 | D:5      | Reached XP level 8. HP: 68/68 MP: 7/7
  4827 | D:6      | Reached skill level 8 in Long Blades
  4837 | D:6      | Found a staircase to the Ecumenical Temple.
  4876 | Temple   | Entered the Ecumenical Temple
  4909 | Temple   | Became a worshipper of Warmaster Okawaru
  5121 | D:6      | Noticed Edmund
  5146 | D:6      | Killed Edmund
  5147 | D:6      | Reached skill level 9 in Long Blades
  5241 | D:6      | Reached * piety under Okawaru
  5453 | D:6      | Found a runed translucent door.
  5454 | D:6      | Noticed Crazy Yiuf
  5463 | D:6      | Killed Crazy Yiuf
  5595 | D:7      | Killed from afar by a steam dragon

Illustrated notes

Levels and vault maps discovered:
D:1:      onia_arrival_handbag, layout_loops_corners,
          nicolae_concentric_dashed_squares_mild, grunt_decor_one_mirror,
          hangedman_abyss_or_decor_lesser_grid, wad_floor_pattern_2
D:2:      layout_loops_ring, basic_altar, hangedman_decor_opposing
D:3:      layout_basic, nicolae_dithmenos_shadow_blocks, old_standard_altar
D:4:      layout_loops_corners, mainiacjoe_overflow_concentric_impassable,
          uniq_ijyb, uniq_robin
D:5:      layout_basic, grunt_gozag_breadcrumbs, serial_shops,
          nicolae_shop_crystal
D:6:      layout_basic, minmay_temple_entry_statues_pillars, serial_curves,
          eino_curves_02, eino_curves_02, uniq_edmund, uniq_menkaure,
          uniq_crazy_yiuf_cottage
D:7:      layout_loops_ring, amethyst_overflow_temple_binary, fedhas_altar_3,
          serial_demonic, serial_demonic_c, serial_demonic_d, serial_demonic_c,
          serial_demonic_d, serial_demonic_c, serial_demonic_f,
          minmay_fountain_box
Temple:   compressed_dpeg_triangle_lava_temple

Skill      XL: |  1  2  3  4  5  6  7  8 |
---------------+-------------------------+-----
Armour         | 4 5 6 7 |  7.4
Shields        | 4 5 6 |  6.4
Long Blades    | 3 4 5 6 7 9 |  9.3
Fighting       | 4 5 6 |  6.5
Dodging        | 1 2 |  2.5
Stealth        | 1 |  1.5
Evocations     | |  0.2

Action                     |  1- 3 |  4- 6 |  7- 9 || total
---------------------------+-------+-------+-------++-------
  Melee: Long sword        |   103 |   159 |   198 ||   460
         Headbutt          |    13 |    25 |    51 ||    89
         Punch             |     1 |       |       ||     1
  Evoke: Wand              |       |       |     2 ||     2
    Use: Potion            |     4 |       |       ||     4
 Armour: Scale mail        |    52 |    86 |       ||   138
         Chain mail        |       |     7 |    22 ||    29
         Plate armour      |       |       |   107 ||   107
  Dodge: Dodged            |    45 |    49 |    72 ||   166
  Block: Buckler           |     7 |    38 |    46 ||    91
